 Dungeon Crawl Stone Soup version 0.30.2 (webtiles) character file.

Game seed: 12617822087286207466

67 growler the Magician (level 4, -1/31 HPs)
             Began as a Djinni Hedge Wizard on Apr 18, 2024.
             Slain by Terence
             ... wielding a +0 mace
              (6 damage)
             ... on level 1 of the Dungeon on Apr 19, 2024.
             The game lasted 00:07:27 (1710 turns).

growler the Magician (Djinni Hedge Wizard)          Turns: 1710, Time: 00:07:28

Health: -1/31      AC:  2    Str:  9    XL:     4   Next: 40%
Gold:   60         EV: 12    Int: 18    God:
                   SH:  0    Dex: 12

rFire   + + .        a - +0 dagger
rCold   x . .        (no shield)
rNeg    . . .        b - +0 robe
rPois   ∞            c - +0 hat
rElec   .            (no cloak)
rCorr   .            (no gloves)
SInv    .            (boots unavailable)
Will    .....        (no amulet)
Stlth   ++           (no ring)
HPRegen 0.25/turn    (no ring)
MPRegen 0.00/turn

%: infuse magic (-2 HP)
@: on blink cooldown, flying
A: sickness immunity, fire resistance 2, cold vulnerability 1, float, innate
caster, HP casting, extra vitality 1
a: no special abilities


You were on level 1 of the Dungeon.
You visited 1 branch of the dungeon, and saw 2 of its levels.

You collected 60 gold pieces.

Inventory:

Hand Weapons
 a - a +0 dagger (weapon)
Armour
 b - a +0 robe (worn)
 c - a +0 hat (worn)
Jewellery
 f - a ring of positive energy
Scrolls
 d - a scroll of enchant armour {unknown}
 e - a scroll of magic mapping {unknown}
 g - a scroll of identify {unknown}
Potions
 h - a potion of magic {unknown}


   Skills:
 - Level 2.1 Dodging
 - Level 1.5 Stealth
 + Level 3.8 Spellcasting


You knew the following spells:

 Your Spells              Type           Power      Damage    Failure   Level
a - Magic Dart            Conj           68%        1d6       3%          1
b - Slow                  Hex            68%        N/A       3%          1
c - Blink                 Tloc           34%        N/A       4%          2
d - Call Imp              Summ           34%        N/A       4%          2
e - Mephitic Cloud        Conj/Pois/Air  17%        N/A       10%         3
f - Necrotise             Necr           68%        1d7       3%          1
Your spell library was empty.

Dungeon Overview and Level Annotations

Branches:
Dungeon (2/15)

Altars:

Annotations:
D:1 Terence


Innate Abilities, Weirdness & Mutations

You are immune to sickness and miasma.
You are immune to poison.
Your flesh is very heat resistant. (rF++)
You are vulnerable to cold. (rC-)
You float through the air rather than walking.
You learn spells naturally, not from books.
Your magical power is your life essence.
You have superior vitality. (+4 MHP)


Message History

You see here a +0 club.
Terence asks, "Do you want it fast or slow?"
Terence looks scornfully at you.
There is a stone staircase leading up here.
Casting: Mephitic Cloud (quite dangerous; 10% risk of failure)
Confirm with . or Enter, or press ? or * to list all spells.
The spell is quite dangerous to miscast (10% risk of failure)!
Continue anyway?
Aiming: Mephitic Cloud (quite dangerous; 10% risk of failure)
Press: ? - help, Shift-Dir - straight line, p - Terence The ball explodes into a vile cloud!
The stinking cloud engulfs Terence but does no damage.
Terence is engulfed in noxious fumes.
Casting: Mephitic Cloud (quite dangerous; 10% risk of failure)
Confirm with . or Enter, or press ? or * to list all spells.
The spell is quite dangerous to miscast (10% risk of failure)!
Continue anyway? [Y]es or [N]o only, please.
The spell is quite dangerous to miscast (10% risk of failure)!
Continue anyway?
Okay, then.
Casting: Mephitic Cloud (quite dangerous; 10% risk of failure)
Confirm with . or Enter, or press ? or * to list all spells.
Aiming: Magic Dart (safe; 3% risk of failure)
Press: ? - help, Shift-Dir - straight line, f - Terence
Aim: Terence, wielding a +0 mace and wearing a +3 chain mail of cold resistance (100% to hit)
The magic dart hits Terence but does no damage.
Casting: Magic Dart (safe; 3% risk of failure)
Confirm with . or Enter, or press ? or * to list all spells.
Aiming: Magic Dart (safe; 3% risk of failure)
Press: ? - help, Shift-Dir - straight line, f/p - Terence
Aim: Terence, wielding a +0 mace and wearing a +3 chain mail of cold resistance (100% to hit)
The magic dart hits Terence but does no damage.
Terence hits you with a +0 mace!
* * * LOW HITPOINT WARNING * * *
You fly upwards.
There is a stone staircase leading down here.
Casting: Magic Dart (safe; 3% risk of failure)
Confirm with . or Enter, or press ? or * to list all spells.
You blink.
* * * LOW HITPOINT WARNING * * *
Terence hits you with a +0 mace.
You die...

# #.##.....##...# #...######
#.####.####...######'###### #.#
#.##.....+...........# ##.##
#....#...##..........#
####...#####..#.####..........#
.....<.....+..#...............#
#.........##..#.#####.........#
##.....(.###..#.###.'.........#
##.....## #....@...#.........#
##...## #.....@.##.........#
##.## ####.#..############
######### #....##># #.......#
#.####### #.#####.# #.# #.# #.#
#.# #.# #.# #.# #.# #.# #.#


You could see Terence.

Vanquished Creatures
  An adder (D:2)
  A worm (D:2)
  A dart slug (D:1)
  An endoplasm (D:2)
  3 giant cockroaches
  5 goblins
  2 hobgoblins (D:1)
  13 jackals
  3 quokkas
  3 ball pythons (D:1)
  5 bats (D:2)
  5 frilled lizards
  A kobold (D:2)
  6 rats
50 creatures vanquished.

Notes
Turn   | Place    | Note
-------+----------+-------------------------------------------
     0 | D:1      | growler the Djinni Hedge Wizard began the quest for the
                  | Orb.
     0 | D:1      | growler set off with the following spells memorised: Magic
                  | Dart, Slow, Blink, Call Imp, Mephitic Cloud.
     0 | D:1      | Reached XP level 1. HP: 15/15 MP: 0/0
   126 | D:1      | Reached XP level 2. HP: 17/21 MP: 0/0
   238 | D:1      | Reached skill level 3 in Spellcasting
   252 | D:1      | Found a faded altar of an unknown god.
   531 | D:1      | Reached XP level 3. HP: 16/25 MP: 0/0
   531 | D:1      | Learned a level 1 spell: Necrotise
  1335 | D:2      | Reached XP level 4. HP: 27/31 MP: 0/0
  1623 | D:2      | Noticed Terence
  1710 | D:1      | Slain by Terence

Illustrated notes

Levels and vault maps discovered:
D:1:      mrwooster_arrival_arrow, layout_basic,
          shapermc_ecumenical_altar_totnotflames
D:2:      layout_basic, uniq_terence

Skill      XL: |  1  2 |
---------------+-------+-----
Spellcasting   | 3 |  3.8
Dodging        | |  2.1
Stealth        | |  1.5

Action                     |  1- 3 |  4- 6 || total
---------------------------+-------+-------++-------
  Melee: Dagger            |    24 |     2 ||    26
         Punch             |     1 |       ||     1
   Cast: Magic Dart        |    71 |    38 ||   109
         Mephitic Cloud    |     1 |     2 ||     3
         Blink             |       |     2 ||     2
   Stab: Confused          |     2 |       ||     2
 Armour: Robe              |    14 |     5 ||    19
  Dodge: Dodged            |    24 |    11 ||    35
